 Dungeon Crawl Stone Soup version 0.21-a0-506-ga0ee87aef2 (webtiles) character file.

758 Kaname the Conjurer (level 7, 46/46 HPs)
             Began as a Demonspawn Wizard on Nov 27, 2017.
             Was an Initiate of Vehumet.
             Quit the game on level 5 of the Dungeon.
             The game lasted 00:13:27 (4545 turns).

Kaname the Conjurer (Demonspawn Wizard)             Turns: 4545, Time: 00:13:27

Health: 46/46      AC:  5    Str:  8    XL:     7   Next: 50%
Magic:  13/13      EV: 12    Int: 21    God:    Vehumet [......]
Gold:   201        SH:  4    Dex: 11    Spells: 3/14 levels left

rFire    . . .     SeeInvis .   o - +0 trident
rCold    . . .     Gourm    .   (no shield)
rNeg     . . .     Faith    .   a - +0 robe
rPois    .         Spirit   +   b - +0 hat
rElec    .         Reflect  +   (no cloak)
rCorr    .         Harm     .   (no gloves)
MR       .....                  q - +0 pair of boots
Stlth    +++.......             y - +4 amulet of reflection
HPRegen  0.15/turn              (no ring)
MPRegen  0.26/turn              (no ring)

@: no status effects
A: antennae 2, thin metallic scales 1, nightstalker 1, magic shield, magic
regeneration
a: Renounce Religion


You were on level 5 of the Dungeon.
You worshipped Vehumet.
Vehumet was noncommittal.
You were not hungry.

You visited 2 branches of the dungeon, and saw 6 of its levels.

You collected 201 gold pieces.

Inventory:

Hand Weapons
 o - a +0 trident (weapon)
Armour
 a - a +0 robe (worn)
 b - a +0 hat (worn)
 q - a +0 pair of boots (worn)
Jewellery
 y - a +4 amulet of reflection (around neck)
Wands
 k - a wand of digging (12)
 r - a wand of iceblast (8)
 u - a wand of random effects (27)
Scrolls
 f - 2 scrolls of magic mapping
 i - 4 scrolls of remove curse {unknown}
 j - 3 scrolls of amnesia
 l - a scroll of immolation {unknown}
Potions
 e - a potion of agility {unknown}
 g - 2 potions of brilliance
 h - a potion of resistance
 m - a potion of ambrosia {unknown}
 s - 2 potions of lignification
 t - 2 potions of haste {unknown}
 v - a potion of degeneration {unknown}
 z - 3 potions of curing {unknown}
Books
 c - a book of Minor Magic

   Spells                             Type                      Level
   a - Magic Dart                     Conjuration                  1
   b - Blink                          Translocation                2
   c - Call Imp                       Summoning                    2
   d - Slow                           Hexes                        2
   e - Conjure Flame                  Conjuration/Fire             3
   f - Mephitic Cloud                 Conjuration/Poison/Air       3
 x - Robbelas's Reference Book on Stones
   (You found it on level 4 of the Dungeon)

   Spells                             Type                      Level
   a - Passwall                       Transmutation/Earth          2
   b - Stone Arrow                    Conjuration/Earth            3
   c - Petrify                        Transmutation/Earth          4
   d - Bolt of Magma                  Conjuration/Fire/Earth       5
   e - Iron Shot                      Conjuration/Earth            6
Comestibles
 d - 3 bread rations
 n - 2 meat rations
 p - a royal jelly
 w - 3 chunks of flesh


   Skills:
 - Level 1.7 Dodging
 - Level 1.7 Stealth
 - Level 4.2 Spellcasting
 - Level 5.0 Conjurations
   Level 1.0 Summonings
 - Level 1.3 Translocations
 - Level 1.0 Fire Magic
 - Level 2.0 Air Magic
 + Level 3.5 Earth Magic
 - Level 2.1 Poison Magic


You had 3 spell levels left.
You knew the following spells:

 Your Spells              Type           Power        Failure   Level  Hunger
a - Stone Arrow           Conj/Erth      ###...       6%          3    ###....
b - Blink                 Tloc           N/A          11%         2    #......
c - Mephitic Cloud        Conj/Pois/Air  ###.....     10%         3    ###....
d - Conjure Flame         Conj/Fire      ###.....     10%         3    ###....


Dungeon Overview and Level Annotations

Branches:
Dungeon (5/15)             Temple (1/1) D:4

Altars:
Ashenzari
Cheibriados
Dithmenos
Elyvilon
Fedhas
Gozag
Kikubaaqudgha
Makhleb
Nemelex Xobeh
Okawaru
Qazlal
Ru
Sif Muna
Trog
Uskayaw
Vehumet
Wu Jian
Xom
Yredelemnul
Zin

Annotations:
D:3 exclusion: 2 doors, Grinder
D:4 exclusion: slave


Innate Abilities, Weirdness & Mutations

You have a pair of antennae on your head.
You are partially covered in thin metallic scales. (AC +2)
You are slightly more attuned to the shadows.
When hurt, damage is shared between your health and your magic reserves.
You regenerate magic rapidly.


Message History

Confirm with . or Enter, or press ? or * to list all spells.
Aiming: Stone Arrow
Press: ? - help, Shift-Dir - straight line, f/p - howler monkey
Aim: a howler monkey (severely wounded)
The stone arrow hits the howler monkey.
You kill the howler monkey!
Vehumet accepts your kill.
z - 3 bubbling black potions (gained 1)
You see here a howler monkey corpse.
You butcher the howler monkey corpse.
w - 4 chunks of flesh (gained 2) HP restored.
n - 2 meat rations (gained 1) Eating one of 4 chunks of flesh.
You eat one of the 4 chunks of flesh.
This raw flesh tastes terrible.
A leopard gecko skeleton comes into view.
Found an escape hatch in the ceiling.
Unknown command.
Unknown command.
Are you sure you want to abandon this character and quit the game? (Confirm with "yes".)

# # .........<.#
# ....Z...... #
.....$....# #
..........# ##
.........# .#
.........# .#
......@..# .##
........## ..#
.....#.## ..##
...##..# ...# ##
##.## ...## #..#
....# #####.##
....######.....#
..............##


You could see a leopard gecko skeleton (dormant).

Vanquished Creatures
  Sigmund (D:5)
  Edmund (D:4)
  An ogre (D:4)
  A howler monkey (D:5)
  A hound (D:4)
  A centaur zombie (D:5)
  An orc priest (D:4)
  2 worker ants
  7 adders
  4 gnolls (D:3)
  An ooze (D:1)
  5 worms
  A dart slug (D:3)
  5 leopard geckos
  An orc (D:4)
  6 giant cockroaches
  10 goblins
  5 hobgoblins
  12 jackals
  A quokka (D:5)
  A ball python (D:2)
  6 bats
  8 frilled lizards
  2 gnoll zombies (D:5)
  9 kobolds
  A quokka zombie (D:5)
  6 rats
100 creatures vanquished.

Notes
Turn   | Place    | Note
-------+----------+-------------------------------------------
     0 | D:1      | Kaname the Demonspawn Wizard began the quest for the Orb.
     0 | D:1      | Reached XP level 1. HP: 13/13 MP: 4/4
   168 | D:1      | Reached skill level 2 in Conjurations
   452 | D:1      | Gained mutation: When hurt, damage is shared between your health and your magic reserves. [demonic ancestry]
   452 | D:1      | Reached XP level 2. HP: 19/19 MP: 3/6
   504 | D:1      | Learned a level 2 spell: Blink
   991 | D:2      | Reached skill level 3 in Conjurations
  1039 | D:2      | Gained mutation: You are slightly more attuned to the shadows. [demonic ancestry]
  1039 | D:2      | Reached XP level 3. HP: 24/24 MP: 5/7
  1047 | D:2      | Learned a level 3 spell: Mephitic Cloud
  1055 | D:2      | Reached skill level 1 in Translocations
  1215 | D:2      | Reached skill level 1 in Air Magic
  1302 | D:2      | Reached skill level 1 in Poison Magic
  1421 | D:2      | Gained mutation: You have a pair of small antennae on your head. [demonic ancestry]
  1421 | D:2      | Reached XP level 4. HP: 30/30 MP: 5/8
  1426 | D:2      | Learned a level 3 spell: Conjure Flame
  2313 | D:3      | Reached skill level 4 in Conjurations
  2634 | D:3      | Gained mutation: You are partially covered in thin metallic scales. (AC +2) [demonic ancestry]
  2634 | D:3      | Reached XP level 5. HP: 35/35 MP: 7/9
  2643 | D:3      | Reached skill level 1 in Fire Magic
  2660 | D:3      | Found an iron altar of Okawaru.
  2815 | D:3      | Noticed Grinder
  3165 | D:4      | Found a staircase to the Ecumenical Temple.
  3172 | Temple   | Entered the Ecumenical Temple
  3266 | Temple   | Became a worshipper of Vehumet
  3425 | D:4      | Noticed Edmund
  3485 | D:4      | Killed Edmund
  3485 | D:4      | Reached skill level 5 in Conjurations
  3485 | D:4      | Gained mutation: You have a pair of antennae on your head. [demonic ancestry]
  3485 | D:4      | Reached XP level 6. HP: 41/41 MP: 1/12
  3643 | D:4      | Found an opulent altar of Gozag.
  3713 | D:4      | Identified Robbelas's Reference Book on Stones
  3735 | D:4      | Learned a level 3 spell: Stone Arrow
  3820 | D:4      | Found a burning altar of Makhleb.
  3820 | D:4      | Noticed a cacodemon
  3964 | D:4      | Noticed a slave
  3964 | D:4      | Noticed a slave
  4074 | D:5      | Entered Level 5 of the Dungeon
  4074 | D:5      | Noticed Sigmund
  4085 | D:5      | Killed Sigmund
  4085 | D:5      | Gained mutation: You regenerate magic rapidly. [demonic ancestry]
  4085 | D:5      | Reached XP level 7. HP: 46/46 MP: 1/13
  4436 | D:5      | Found a basalt altar of Yredelemnul.
  4545 | D:5      | Quit the game

Vault maps used:
D:1:      eino_arrival_cavern_c, minivault_23, serial_bayou_ford_a
D:2:      minmay_diamond_boxcup, minmay_tree_intersection,
          hangedman_decor_opposing
D:3:      first_bread, okawaru_altar_gauntlet_db, uniq_grinder
D:4:      nicolae_gozag_seed_capital, minmay_temple_entry_fiery,
          makhleb_altar_promises_db, uniq_edmund, uniq_pikel
D:5:      lemuel_zombie_altar_yredelemnul, kennysheep_little_box, uniq_sigmund
Temple:   minmay_temple_bridge_d

Skill      XL: |  1  2  3  4  5  6  7 |
---------------+----------------------+-----
Conjurations   | 2 3 4 5 |  5.0
Translocations | 1 |  1.3
Air Magic      | 1 2 |  2.0
Poison Magic   | 1 2 |  2.1
Fire Magic     | 1 |  1.0
Spellcasting   | 4 |  4.2
Earth Magic    | 2 3 |  3.5
Dodging        | |  1.7
Stealth        | |  1.7
Summonings     | |  1.0

Action                   |  1- 3 |  4- 6 |  7- 9 || total
-------------------------+-------+-------+-------++-------
Melee: Whip              |    33 |    21 |       ||    54
       Trident           |       |    90 |    27 ||   117
 Cast: Magic Dart        |    65 |   137 |       ||   202
       Mephitic Cloud    |       |     3 |       ||     3
       Stone Arrow       |       |     3 |    10 ||    13
       Conjure Flame     |       |       |     1 ||     1
Evoke: Wand              |       |     2 |       ||     2
  Use: Scroll            |       |     5 |     1 ||     6
 Stab: Sleeping          |     1 |       |     1 ||     2
       Confused          |       |     4 |       ||     4
  Eat: Chunk             |     1 |     9 |     3 ||    13
Armor: Robe              |     6 |    35 |    11 ||    52
Dodge: Dodged            |    27 |   107 |    12 ||   146
Block: Other             |       |       |     4 ||     4

Table legend:
 A = Spawn XP
 B = Non-spawn XP
 C = Spawn XP percentage of total XP
 D = Spawn monster count
 E = Non-spawn monster count
 F = Spawn count percentage of total count
 G = Total turns spent on level
                    A         B        C        D         E        F      G
               +---------+---------+-------+---------+---------+-------+---------
         Total |       0 |    1084 |   0.0 |       0 |     100 |   0.0 |  4545
               +---------+---------+-------+---------+---------+-------+---------
           D:1 |       0 |      37 |   0.0 |       0 |      19 |   0.0 |   969
           D:2 |       0 |      81 |   0.0 |       0 |      25 |   0.0 |   738
           D:3 |       0 |     142 |   0.0 |       0 |      31 |   0.0 |  1329
           D:4 |       0 |     439 |   0.0 |       0 |      14 |   0.0 |   873
           D:5 |       0 |     385 |   0.0 |       0 |      11 |   0.0 |   469
               +---------+---------+-------+---------+---------+-------+---------
